 Dungeon Crawl Stone Soup version 0.22-a0-469-gf26638a (webtiles) character file.

4289 DrEnzyme the Fighter (level 10, -2/74 HPs)
             Began as an Octopode Wanderer on June 11, 2018.
             Was an Initiate of Gozag.
             Slain by a black bear (6 damage)
             ... on level 9 of the Dungeon on June 12, 2018.
             The game lasted 00:42:52 (12202 turns).

DrEnzyme the Fighter (Octopode Wanderer)           Turns: 12202, Time: 00:42:53

Health: -2/74      AC:  1    Str: 11    XL:     10   Next: 32%
Magic:  11/11      EV: 25    Int: 14    God:    Gozag
Gold:   365        SH:  0    Dex: 21    Spells: 9/9 levels left

rFire    . . .     SeeInvis .   b - +3 hunting sling (velocity)
rCold    + . .     Gourm    +   (no shield)
rNeg     + . .     Faith    .   (helmet restricted)
rPois    .         Spirit   .   e - amulet of the gourmand (curse)
rElec    .         Reflect  .   s - ring of positive energy
rCorr    .         Harm     .   n - ring of protection from cold
MR       .....                  (no ring)
Stlth    ++++......             (no ring)
HPRegen  0.22/turn              (no ring)
MPRegen  0.12/turn              (no ring)
                                (no ring)
                                (no ring)

@: agile
A: almost no armour, stealthy swim, amphibious, 8 rings, constrict 8, camouflage
1, gelatinous body 1
a: Potion Petition, Call Merchant, Bribe Branch, Renounce Religion


You were on level 9 of the Dungeon.
You worshipped Gozag.
Gozag was aware of your devotion.
You were not hungry.

You visited 2 branches of the dungeon, and saw 10 of its levels.

You collected 769 gold pieces.
You paid 404 gold pieces to Gozag.

Inventory:

Hand Weapons
 a - a +2 shortbow
 b - a +3 hunting sling of velocity (weapon)
 d - the cursed +2 dagger of Eternal War {flame, rPois Dex+3, unknown}
   (You found it on level 8 of the Dungeon)

   It has been specially enchanted to burn those struck by it, causing extra
   injury to most foes and up to half again as much damage against particularly
   susceptible opponents.
   It affects your dexterity (+3).
   It protects you from poison.
   It has a curse placed upon it.
 D - the +9 whip "With Two Names" {elec, +Rage rPois Dex-5, unknown}
   (You found it on level 8 of the Dungeon)

   Occasionally, upon striking a foe, it will discharge some electrical energy
   and cause terrible harm.
   It affects your dexterity (-5).
   It protects you from poison.
   It lets you go berserk.
Missiles
 w - 75 stones (quivered)
 y - a throwing net
 E - 23 arrows
Jewellery
 e - a cursed amulet of the gourmand (around mantle)
 n - a ring of protection from cold (right tentacle)
 s - a ring of positive energy (left tentacle)
Wands
 q - a wand of polymorph (12)
 u - a wand of clouds (4)
 F - a wand of random effects (19)
Scrolls
 g - 2 scrolls of magic mapping
 h - a scroll of fear {unknown}
 t - a scroll of noise {unknown}
 B - a scroll of remove curse {unknown}
 G - a scroll of identify
Potions
 i - a potion of resistance
 j - 2 potions of brilliance
 k - a potion of magic {unknown}
 l - a potion of curing
 o - a potion of berserk rage
 p - a potion of cancellation
 x - a potion of mutation {unknown}
 z - a potion of might {unknown}
Comestibles
 f - 17 rations


   Skills:
 + Level 9.2 Fighting
   Level 1.0 Polearms
 + Level 4.9 Slings
 - Level 7.6 Bows
 + Level 8.5 Dodging
 + Level 2.3 Evocations


You had 9 spell levels left.
You didn't know any spells.
Your spell library was empty.

Dungeon Overview and Level Annotations

Branches:
Dungeon (9/15)             Temple (1/1) D:7
   Lair: D:8-11         Orc: D:9-12

Altars:
Ashenzari
Cheibriados
Dithmenos
Elyvilon
Fedhas
Gozag
Hepliaklqana
Kikubaaqudgha
Makhleb
Nemelex Xobeh
Okawaru
Qazlal
Ru
Sif Muna
Trog
Uskayaw
Vehumet
Wu Jian
Xom
Yredelemnul
Zin
The Shining One

Annotations:
D:2 exclusions: adder and downstairs, Natasha, Terence
D:3 exclusion: downstairs, Azzur's ghost, amateur TrMo
D:5 exclusion: downstairs
D:6 exclusion: downstairs, dragonknight44's ghost, novice TrFi
D:7 exclusions: 2 downstairs and statue
D:8 Loudmushroom's ghost, novice MiBe


Innate Abilities, Weirdness & Mutations

You cannot wear most types of armour.
You are very stealthy in the water. (Stealth+)
You are amphibious.
You can wear up to eight rings at the same time.
You can use your tentacles to constrict eight enemies at once.
Your skin changes colour to match your surroundings (Stealth+).
Your rubbery body absorbs attacks. (AC +1, EV +1)


Message History

Firing (i - inventory. (/) - cycle)
m - a sling bullet (quivered)
Press: ? - help, Shift-Dir - straight line, f/p - black bear
Aim: a black bear (almost dead, berserk, fast, unusually strong)
You shoot a sling bullet.
The sling bullet hits the black bear but does no damage.
The black bear is almost dead.
The black bear barely misses you. The black bear misses you. x2
The bullfrog hits you.
* * * LOW HITPOINT WARNING * * *
The black bear bites you but does no damage.
The black bear misses you. The black bear barely misses you.
The bullfrog barely misses you.
Firing (i - inventory. (/) - cycle)
w - 76 stones (quivered)
Press: ? - help, Shift-Dir - straight line, f/p - black bear
Aim: a black bear (almost dead, berserk, fast, unusually strong)
You shoot a stone. The stone barely misses the black bear.
The black bear bites you but does no damage.
The black bear claws you.
You die...
Your body crumbles into a pile of gold.

.####.#.##.# ######.# .#
##.###......##......# .#
.
.......##.###..########
.# ####......#
#..........# ## #.#...##
#.#.#####..# .
####.#.#... ...#.# #..#
... .....##.#########.#
#..# #### .........h.#
##.#####..## #
######.##@# #...........
# #
#.##F#####.#.####..## #
#. #h##.##......# #..##
#.#
####.##.#...#.######....
#.###.............#
#....##
.###....#..##.#...###
#.####
####.#...F...###.##.##
#.#
..............##.##.#
#{#
#####.....F.#....##$#
#.#


You could see a black bear (berserk) and a bullfrog.

Vanquished Creatures
  A two-headed ogre (D:5)
  A deep elf mage (D:8)
  A hippogriff (D:9)
  A water moccasin (D:8)
  2 porcupines (D:9)
  A black bear (D:7)
  A sky beast (D:9)
  A centaur (D:9)
  3 ogres
  A crocodile (D:9)
  A big kobold (D:6)
  4 bullfrogs
  3 scorpions
  9 wights
  2 howler monkeys
  2 crimson imps
  2 centaur zombies
  4 jellies
  7 hounds
  2 orc priests
  A bullfrog skeleton (D:6)
  Ijyb (D:3)
  An iguana (D:9)
  6 orc wizards
  8 worker ants
  A hound zombie (D:9)
  3 hound skeletons
  4 gnolls
  11 adders
  2 oozes
  2 worms
  A dart slug (D:3)
  8 leopard geckos
  27 orcs
  3 bats
  7 goblins
  4 hobgoblins
  3 jackals (D:6)
  10 kobolds
  6 quokkas
  A ball python (D:3)
  A ball python skeleton (D:4)
  3 frilled lizards
  A leopard gecko zombie (D:5)
  4 rats
168 creatures vanquished.

Vanquished Creatures (others)
  14 fungi (D:9)
14 creatures vanquished.

Grand Total: 182 creatures vanquished

Notes
Turn   | Place    | Note
-------+----------+-------------------------------------------
     0 | D:1      | DrEnzyme the Octopode Wanderer began the quest for the Orb.
     0 | D:1      | DrEnzyme set off with: a +2 shortbow, 19 arrows, a scroll of teleportation, a potion of lignification, a ration
     0 | D:1      | Reached XP level 1. HP: 16/16 MP: 2/2
   178 | D:1      | Reached XP level 2. HP: 21/21 MP: 3/3
   818 | D:2      | Noticed Terence
   893 | D:2      | Reached skill level 1 in Dodging
   893 | D:2      | Reached XP level 3. HP: 12/26 MP: 4/4
  1045 | D:2      | Reached XP level 4. HP: 26/33 MP: 5/5
  1332 | D:2      | Noticed Natasha
  1542 | D:2      | Found a shimmering altar of Xom.
  2105 | D:3      | Noticed Ijyb
  2113 | D:3      | Killed Ijyb
  2113 | D:3      | Reached skill level 4 in Fighting
  2115 | D:3      | Found a hazy altar of Hepliaklqana.
  2166 | D:3      | Reached XP level 5. HP: 37/37 MP: 6/6
  2194 | D:3      | Noticed Azzur's ghost (amateur TrMo)
  2430 | D:3      | Reached skill level 5 in Bows
  2538 | D:3      | Found a white marble altar of Elyvilon.
  2539 | D:3      | Found a glowing golden altar of the Shining One.
  2540 | D:3      | Found a glowing silver altar of Zin.
  2967 | D:3      | Reached XP level 6. HP: 39/44 MP: 7/7
  4400 | D:5      | Entered Level 5 of the Dungeon
  4534 | D:5      | Found an iron altar of Okawaru.
  4619 | D:5      | Reached skill level 5 in Fighting
  4751 | D:5      | Found a shattered altar of Ashenzari.
  4793 | D:5      | Reached XP level 7. HP: 27/50 MP: 8/8
  4878 | D:5      | Noticed a two-headed ogre
  4910 | D:5      | Killed a two-headed ogre
  4910 | D:5      | Reached skill level 6 in Fighting
  4910 | D:5      | Reached skill level 5 in Dodging
  4910 | D:5      | Reached XP level 8. HP: 53/58 MP: 9/9
  5005 | D:5      | Reached skill level 7 in Fighting
  5466 | D:5      | Reached skill level 1 in Slings
  5485 | D:5      | Found an ornate altar of the Wu Jian Council.
  5485 | D:5      | Found a sparkling altar of Nemelex Xobeh.
  6002 | D:6      | Noticed dragonknight44's ghost (novice TrFi)
  6756 | D:7      | Found a radiant altar of Vehumet.
  7386 | D:6      | Reached XP level 9. HP: 49/65 MP: 10/10
  7844 | D:7      | Reached skill level 8 in Fighting
  8332 | D:7      | Found a staircase to the Ecumenical Temple.
  8339 | Temple   | Entered the Ecumenical Temple
  8444 | Temple   | Became a worshipper of Gozag Ym Sagoz the Greedy
  9254 | D:8      | Found a blossoming altar of Fedhas.
  9480 | D:8      | Noticed Loudmushroom's ghost (novice MiBe)
  9632 | D:8      | Noticed a deep elf mage
  9635 | D:8      | Noticed a manticore
  9650 | D:8      | Got a scorched whip
  9675 | D:8      | Noticed a two-headed ogre
  9831 | D:8      | Killed a deep elf mage
  9834 | D:8      | Noticed a cyclops
 10387 | D:8      | Got an encrusted dagger
 10665 | D:9      | Reached XP level 10. HP: 62/73 MP: 11/11
 10721 | D:9      | Reached skill level 9 in Fighting
 11023 | D:8      | Noticed a centaur warrior
 11037 | D:8      | HP: 3/74 [centaur warrior/uncursed spear (12)]
 12202 | D:9      | Slain by a black bear

Vault maps used:
D:1:      sevenhm_arrival_forest_fort_large_1
D:2:      marbit_many_paths, uniq_terence, uniq_natasha
D:3:      good_gods_temple_1, old_standard_altar, first_ration, uniq_ijyb
D:5:      lemuel_coloured_pillars_altar, gammafunk_temple_overflow_wave,
          okawaru_gym_becter
D:6:      nicolae_lava_and_water
D:7:      vehumet_statue, minmay_temple_entry_junction
D:8:      hangedman_cross_veins, kennysheep_little_box
D:9:      due_lair_maze_entry_diamond
Temple:   minmay_temple_bridge_abc

Skill      XL: |  1  2  3  4  5  6  7  8  9 10 |
---------------+-------------------------------+-----
Dodging        | 1 2 4 5 6 8 |  8.5
Fighting       | 4 5 6 7 8 9 |  9.2
Bows           | 5 7 |  7.6
Slings         | 2 4 |  4.9
Polearms       | |  1.0
Evocations     | |  2.3

Action                   |  1- 3 |  4- 6 |  7- 9 | 10-12 || total
-------------------------+-------+-------+-------+-------++-------
 Fire: Shortbow          |    41 |   178 |   170 |    24 ||   413
       Hunting sling     |       |       |   221 |   112 ||   333
Throw: Stone             |       |       |    10 |       ||    10
Invok: Potion Petition   |       |       |       |     2 ||     2
Evoke: Wand              |       |       |     1 |       ||     1
  Use: Scroll            |     1 |     5 |     8 |     4 ||    18
       Potion            |       |     4 |     3 |     4 ||    11
  Eat: Chunk             |       |    12 |    15 |       ||    27
       Ration            |       |     1 |       |     1 ||     2
Armor: Skin              |       |    29 |     1 |     7 ||    37
Dodge: Dodged            |     2 |    63 |   182 |   105 ||   352

Table legend:
 A = Spawn XP
 B = Non-spawn XP
 C = Spawn XP percentage of total XP
 D = Spawn monster count
 E = Non-spawn monster count
 F = Spawn count percentage of total count
 G = Total turns spent on level
                    A         B        C        D         E        F      G
               +---------+---------+-------+---------+---------+-------+---------
         Total |       0 |    6128 |   0.0 |       0 |     168 |   0.0 | 12202
               +---------+---------+-------+---------+---------+-------+---------
           D:1 |       0 |      24 |   0.0 |       0 |      12 |   0.0 |   807
           D:2 |       0 |      85 |   0.0 |       0 |      16 |   0.0 |  1486
           D:3 |       0 |     215 |   0.0 |       0 |      22 |   0.0 |  1217
           D:4 |       0 |     208 |   0.0 |       0 |      15 |   0.0 |  1095
           D:5 |       0 |    1315 |   0.0 |       0 |      22 |   0.0 |  1540
           D:6 |       0 |     457 |   0.0 |       0 |      16 |   0.0 |  1169
           D:7 |       0 |     997 |   0.0 |       0 |      26 |   0.0 |  3154
           D:8 |       0 |    1395 |   0.0 |       0 |      19 |   0.0 |  1031
           D:9 |       0 |    1432 |   0.0 |       0 |      20 |   0.0 |   577
               +---------+---------+-------+---------+---------+-------+---------
